 Dungeon Crawl Stone Soup version 0.17-a0-2028-g5c22979 (webtiles) character file.

445 jalm the Destroyer (level 7, -4/36 HPs)
             Began as a Tengu Conjurer on Oct 10, 2015.
             Was an Initiate of Sif Muna.
             Slain by Thraspic's ghost (11 damage)
             ... on level 4 of the Dungeon.
             The game lasted 00:12:27 (3636 turns).

jalm the Destroyer (Tengu Conjurer)                 Turns: 3636, Time: 00:12:27

Health: -4/36      AC:  7    Str:  9    XL:     7   Next: 3%
Magic:  2/11       EV: 12    Int: 17    God:    Sif Muna [......]
Gold:   154        SH:  0    Dex: 14    Spells: 3 memorised, 3 levels left

rFire  . . .     SeeInvis .     n - +0 dagger (venom)
rCold  . . .     Clarity  .     d - +2 robe {rN+}
rNeg   + . .     SustAt   .     (no shield)
rPois  .         Gourm    .     (helmet restricted)
rElec  .         Spirit   .     C - +2 cloak
rCorr  .         Warding  .     (no gloves)
rMut   .         Stasis   .     (boots unavailable)
MR     .....                    (no amulet)
Stlth  ++........               (no ring)
                                (no ring)

@: not resistant to hostile enchantments, unstealthy
A: beak, talons 3, able to fly 1
a: Fly, Renounce Religion


You were on level 4 of the Dungeon.
You worshipped Sif Muna.
Sif Muna was noncommittal.
You were not hungry.

You visited 1 branch of the dungeon, and saw 4 of its levels.

You collected 154 gold pieces.

Inventory:

Hand Weapons
 e - a +0 dagger
 n - a +0 dagger of venom (weapon)
Armour
 a - a +0 robe
 d - a +2 robe of positive energy (worn)
 y - the +0 cloak of the Forgotten Deaths {rPois rC+ MR+ Dex-3}
   (You found it on level 4 of the Dungeon)

   It affects your dexterity (-3).
   It protects you from cold.
   It protects you from poison.
   It affects your resistance to hostile enchantments.
 C - a +2 cloak (worn)
Scrolls
 f - 2 scrolls of amnesia {unknown}
 g - a scroll of fog {unknown}
 k - a scroll of random uselessness {unknown}
 l - 4 scrolls of enchant armour {unknown}
 m - a scroll of recharging
 p - a scroll of noise
 q - a scroll of enchant weapon {unknown}
 s - 2 scrolls of identify {unknown}
 t - a scroll of immolation {unknown}
 u - a scroll of remove curse {unknown}
 v - a scroll of teleportation {unknown}
Potions
 h - a potion of invisibility {unknown}
 j - a potion of brilliance {unknown}
 o - a potion of curing {unknown}
 w - a potion of lignification {unknown}
 A - a potion of agility {unknown}
 B - a potion of heal wounds {unknown}
Books
 b - a book of Conjurations

   Spells                             Type                      Level
   a - Magic Dart                     Conjuration                  1
   b - Searing Ray                    Conjuration                  2
   c - Dazzling Spray                 Conjuration/Hexes            3
   d - Fulminant Prism                Conjuration/Hexes            4
   e - Iskenderun's Mystic Blast      Conjuration                  4
   f - Iskenderun's Battlesphere      Conjuration/Charms           5
 x - a book of Power

   Spells                             Type                      Level
   a - Fulminant Prism                Conjuration/Hexes            4
   b - Iskenderun's Mystic Blast      Conjuration                  4
   c - Venom Bolt                     Conjuration/Poison           5
   d - Bolt of Magma                  Conjuration/Fire/Earth       5
   e - Iron Shot                      Conjuration/Earth            6
   f - Orb of Destruction             Conjuration                  7
   g - Spellforged Servitor           Conjuration/Summoning        7
Comestibles
 c - 3 bread rations
 i - a slice of pizza
 r - a meat ration
 z - a beef jerky
 D - a chunk of flesh


   Skills:
 - Level 2.1 Dodging
 - Level 2.0 Stealth
 - Level 2.0 Spellcasting
 + Level 10.5 Conjurations


You had 3 spell levels left.
You knew the following spells:

 Your Spells              Type           Power        Failure   Level  Hunger
a - Magic Dart            Conj           ####         1%          1    #......
b - Searing Ray           Conj           #####.       1%          2    ###....
c - Iskenderun's Mystic   Conj           #####...     2%          4    #####..


Dungeon Overview and Level Annotations

Branches:
Dungeon (4/15)
 Temple: D:4-7

Altars:
Ashenzari
Elyvilon
Gozag
Makhleb
Sif Muna

Annotations:
D:4 Thraspic's ghost, amateur MiGl


Innate Abilities, Weirdness & Mutations

You have a beak for a mouth.
You have claws for feet.
You can fly.


Message History

Thraspic's ghost misses you.
Casting: Magic Dart
Confirm with . or Enter, or press ? or * to list all spells.
Aiming: Magic Dart
Press: ? - help, Shift-Dir - straight line, f/p - Thraspic's ghost
Aim: Thraspic's ghost (almost destroyed)
The magic dart hits Thraspic's ghost.
Thraspic's ghost is almost destroyed.
Thraspic's ghost hits you!
* * * LOW HITPOINT WARNING * * *
Thraspic's ghost stares at you.
Casting: Magic Dart
Confirm with . or Enter, or press ? or * to list all spells.
Aiming: Magic Dart
Press: ? - help, Shift-Dir - straight line, f/p - Thraspic's ghost
Aim: Thraspic's ghost (almost destroyed)
The magic dart hits Thraspic's ghost.
Thraspic's ghost is almost destroyed.
Thraspic's ghost hits you!
You die...

#.#########
#.....8.._..
#.........#
##.).........
#########.#
#...._.......
#.#
#.##.......##
#.#
#.#<......##
#.#
#.#####...#
#.# #.# ##.##
#W# #.#
#.####
#@####)#
#.....
#......#
######
#.###### ###


You could see Thraspic's ghost.

Vanquished Creatures
  2 ogres (D:4)
  The ghost of soloincognito the Conjurer, an amateur OpCj (D:3)
  A hound (D:2)
  An orc priest (D:3)
  6 adders
  A shadow imp (D:3)
  An ooze (D:1)
  3 worms
  2 giant geckos
  5 orcs
  A ball python (D:2)
  2 giant cockroaches (D:2)
  5 goblins
  6 hobgoblins
  7 kobolds
  3 bats
  6 giant newts (D:2)
  13 jackals
  4 rats
70 creatures vanquished.

Notes
Turn   | Place    | Note
--------------------------------------------------------------
     0 | D:1      | jalm the Tengu Conjurer began the quest for the Orb.
     0 | D:1      | Reached XP level 1. HP: 10/10 MP: 4/4
   327 | D:1      | Reached XP level 2. HP: 13/15 MP: 4/6
   331 | D:1      | Learned a level 2 spell: Searing Ray
   473 | D:1      | Reached skill level 6 in Conjurations
   944 | D:2      | Reached XP level 3. HP: 16/19 MP: 2/7
  1215 | D:2      | Reached skill level 7 in Conjurations
  1334 | D:2      | Reached XP level 4. HP: 24/24 MP: 5/8
  1405 | D:2      | Found a burning altar of Makhleb.
  1483 | D:2      | Reached skill level 8 in Conjurations
  1693 | D:2      | Gained mutation: You can fly. [Tengu growth]
  1693 | D:2      | Reached XP level 5. HP: 28/28 MP: 4/9
  2261 | D:3      | Found a faded altar to an unknown god.
  2464 | D:3      | Found a shattered altar of Ashenzari.
  2498 | D:3      | Noticed soloincognito's ghost (amateur OpCj)
  2604 | D:3      | Killed soloincognito's ghost
  2604 | D:3      | Reached skill level 9 in Conjurations
  2604 | D:3      | Reached XP level 6. HP: 24/32 MP: 1/10
  2613 | D:3      | Learned a level 4 spell: Iskenderun's Mystic Blast
  3082 | D:4      | Reached skill level 10 in Conjurations
  3106 | D:4      | Got a pitted cloak
  3112 | D:4      | Identified the +0 cloak of the Forgotten Deaths {rPois rC+ MR+ Dex-3} (You found it on level 4 of the Dungeon)
  3189 | D:4      | Found an opulent altar of Gozag.
  3190 | D:4      | Found a deep blue altar of Sif Muna.
  3192 | D:4      | Found a white marble altar of Elyvilon.
  3195 | D:4      | Became a worshipper of Sif Muna the Loreminder
  3222 | D:4      | Reached XP level 7. HP: 36/36 MP: 4/11
  3592 | D:4      | Noticed Thraspic's ghost (amateur MiGl)
  3636 | D:4      | Slain by Thraspic's ghost

Vault maps used:
D:1:      dpeg_arrival_brainrot
D:2:      makhleb_heckhound_becter, first_bread, minmay_hedge_maze
D:3:      nicolae_overflow_hidden_temple, ecumenical_altar_1
D:4:      grunt_temple_overflow_open, minmay_misc_feat_x,
          roderic_nine_men_s_morris

Action                   |  1- 3 |  4- 6 |  7- 9 || total
-------------------------+-------+-------+-------++-------
Melee: Unarmed           |     1 |       |       ||     1
       Dagger            |    15 |     5 |       ||    20
 Cast: Magic Dart        |    66 |    67 |     8 ||   141
       Searing Ray       |       |     9 |     2 ||    11
  Use: Scroll            |       |     2 |       ||     2
  Eat: Chunk             |     2 |     8 |     1 ||    11
